 Dungeon Crawl Stone Soup version 0.18.1-48-g4cf74bf (webtiles) character file.

1442 Gadfly the Covered (level 8, -5/74 HPs)
             Began as a Deep Dwarf Artificer on Aug 29, 2016.
             Slain by an ogre
             ... wielding a +0 giant club
              (8 damage)
             ... on level 6 of the Dungeon.
             The game lasted 00:14:29 (5324 turns).

Gadfly the Covered (Deep Dwarf Artificer)           Turns: 5324, Time: 00:14:30

Health: -5/74      AC: 23    Str: 16    XL:     8   Next: 46%
Magic:  12/12      EV:  7    Int: 13    God:
Gold:   190        SH:  0    Dex: 14    Spells: 0 memorised, 7 levels left

rFire  + . .     SeeInvis .     m - +0 flail (protect)
rCold  . . .     Gourm    .     n - +2 plate armour {rF+}
rNeg   . . .     Faith    .     (no shield)
rPois  .         Spirit   .     k - +0 helmet
rElec  .         Dismiss  .     (no cloak)
rCorr  .         Reflect  .     (no gloves)
SustAt .         Harm     .     v - +0 pair of boots
MR     +....                    (no amulet)
Stlth  ..........               (no ring)
                                (no ring)

@: non-regenerating, somewhat resistant to hostile enchantments, extremely
unstealthy
A: damage resistance, recharge devices, sense surroundings 1, slow regeneration
3
a: Device Recharging


You were on level 6 of the Dungeon.
You were not hungry.

You visited 1 branch of the dungeon, and saw 6 of its levels.

You collected 190 gold pieces.

Inventory:

Hand Weapons
 m - a +0 flail of protection (weapon)
 y - a +1 hand axe
Armour
 k - a +0 helmet (worn)
 n - a +2 plate armour of fire resistance (worn)
 v - a +0 pair of boots (worn)
Wands
 c - a wand of flame (0/48)
 d - a wand of enslavement (13/24)
 e - a wand of random effects (0/48)
 f - a wand of heal wounds (0/9)
 s - a wand of slowing (21/48)
Scrolls
 i - 3 scrolls of enchant armour
 l - 5 scrolls of blinking
 p - 3 scrolls of teleportation
 q - 4 scrolls of identify
 u - a scroll of magic mapping
Potions
 b - a potion of cure mutation
 j - a potion of heal wounds
 o - a potion of might
 r - a potion of agility
 x - a potion of haste
Comestibles
 a - a slice of pizza
 g - 4 bread rations
 h - 3 chunks of flesh
 t - 2 royal jellies
 w - a beef jerky


   Skills:
 + Level 5.1 Fighting
   Level 0.8 Short Blades
 * Level 0.4 Axes
 + Level 7.7 Armour
 + Level 4.3 Dodging
 - Level 1.2 Stealth
 * Level 6.4 Evocations


You had 7 spell levels left.
You didn't know any spells.

Dungeon Overview and Level Annotations

Branches:
Dungeon (6/15)
 Temple: D:4-7

Altars:
Dithmenos
Qazlal
The Shining One


Innate Abilities, Weirdness & Mutations

You are resistant to damage.
You can recharge devices by infusing magical energy.
You passively map a small area around you.
You do not regenerate naturally.


Message History

You are too injured to fight recklessly!
You are too injured to fight recklessly!
You are too injured to fight recklessly!
You are too injured to fight recklessly!
You are too injured to fight recklessly!
You sock the ogre!
The ogre is moderately wounded.
The ogre closely misses you.
You hit the ogre.
The ogre is moderately wounded.
The ogre closely misses you.
You hit the ogre.
The ogre is heavily wounded.
The ogre hits you with a giant club!
* * * LOW HITPOINT WARNING * * *
The ogre barely misses you.
You barely miss the ogre.
The ogre is heavily wounded.
The ogre hits you with a giant club!
You die...

##..## ##
#..## *
##..# , *
#..## , *
##..## , ,,,
#....## *,,
, ##....# *
, . #.....##
, ..
#...@..# *
.. #...O...#
,, ..
#........# *
##
#.........#
#
#.........#
#.
#..........#
..
#..........#
, .
#..........#
*, , , , ,


You could see an ogre.

Vanquished Creatures
  Dowan (D:5)
  A phantom (D:4)
  An ice beast (D:5)
  A black bear (D:4)
  2 ogres (D:4)
  A centaur (D:5)
  Blork the orc (D:6)
  A water moccasin skeleton (D:5)
  2 crimson imps (D:5)
  A jelly (D:5)
  An orc priest (D:4)
  2 hounds
  4 orc wizards
  4 worker ants
  Robin (D:2)
  A gnoll (D:1)
  A worker ant zombie (D:4)
  4 adders
  3 oozes
  An adder zombie (D:5)
  2 worms
  6 giant geckos
  6 orcs
  11 bats
  6 giant cockroaches
  19 goblins
  9 hobgoblins
  8 jackals
  2 quokkas
  2 giant gecko skeletons (D:4)
  2 giant newts (D:1)
  2 kobolds (D:1)
  A quokka skeleton (D:4)
  4 rats
114 creatures vanquished.

Vanquished Creatures (others)
  Duvessa (D:5)
1 creature vanquished.

Grand Total: 115 creatures vanquished

Notes
Turn   | Place    | Note
--------------------------------------------------------------
     0 | D:1      | Gadfly the Deep Dwarf Artificer began the quest for the Orb.
     0 | D:1      | Reached XP level 1. HP: 16/16 MP: 3/3
   606 | D:1      | Reached XP level 2. HP: 9/24 MP: 5/5
   613 | D:1      | Reached skill level 1 in Fighting
   996 | D:1      | Reached skill level 1 in Armour
   996 | D:1      | Reached XP level 3. HP: 5/31 MP: 6/6
  1416 | D:1      | Gained mutation: Your skin changes colour to match your surroundings (Stealth). [potion of mutation]
  1416 | D:1      | Gained mutation: You have a pair of small horns on your head. [potion of mutation]
  1416 | D:1      | Gained mutation: Your flesh is heat resistant. [potion of mutation]
  1433 | D:2      | Noticed Robin
  1469 | D:2      | Killed Robin
  1469 | D:2      | Reached skill level 5 in Evocations
  1469 | D:2      | Reached XP level 4. HP: 31/38 MP: 7/7
  1569 | D:2      | Reached skill level 2 in Armour
  1608 | D:2      | Found a faded altar to an unknown god.
  1655 | D:2      | Found a stormy altar of Qazlal.
  1878 | D:2      | Lost mutation: You have a pair of small horns on your head. [potion of cure mutation]
  1878 | D:2      | Lost mutation: Your skin changes colour to match your surroundings (Stealth). [potion of cure mutation]
  1878 | D:2      | Lost mutation: Your flesh is heat resistant. [potion of cure mutation]
  2252 | D:3      | Reached XP level 5. HP: 28/45 MP: 8/8
  2605 | D:3      | Reached skill level 3 in Armour
  2739 | D:4      | Noticed a phantom
  2763 | D:4      | Killed a phantom
  2763 | D:4      | Reached skill level 4 in Armour
  3040 | D:4      | Reached XP level 6. HP: 50/55 MP: 8/10
  3523 | D:4      | Reached skill level 5 in Armour
  3523 | D:4      | Reached XP level 7. HP: 46/62 MP: 11/11
  3562 | D:5      | Entered Level 5 of the Dungeon
  4053 | D:5      | Reached skill level 6 in Armour
  4423 | D:5      | Found a shadowy altar of Dithmenos.
  4541 | D:5      | Reached XP level 8. HP: 39/72 MP: 12/12
  4568 | D:5      | Noticed Duvessa
  4569 | D:5      | Noticed Dowan
  4583 | D:5      | Your ally died
  4600 | D:5      | Killed Dowan
  4600 | D:5      | Reached skill level 7 in Armour
  4806 | D:5      | Reached skill level 5 in Fighting
  5200 | D:6      | Noticed Blork the orc
  5221 | D:6      | Killed Blork the orc
  5248 | D:6      | Found a glowing golden altar of the Shining One.
  5323 | D:6      | HP: 3/74 [ogre/giant club (9)]
  5324 | D:6      | Slain by an ogre

Skill      XL: |  1  2  3  4  5  6  7  8 |
---------------+-------------------------+-----
Fighting       | 1 2 3 4 5 |  5.1
Armour         | 1 2 4 5 6 7 |  7.7
Dodging        | 3 4 |  4.3
Evocations     | 5 6 |  6.4
Short Blades   | |  0.8
Axes           | |  0.4
Stealth        | |  1.2

Action                   |  1- 3 |  4- 6 |  7- 9 || total
-------------------------+-------+-------+-------++-------
Melee: Short sword       |   109 |       |       ||   109
       Flail             |    64 |   221 |   409 ||   694
       Headbutt          |     5 |     4 |       ||     9
Evoke: Wand              |    13 |    20 |     9 ||    42
  Use: Scroll            |     4 |     3 |     3 ||    10
       Potion            |     3 |     2 |     1 ||     6
 Stab: Paralysed         |     2 |       |       ||     2
  Eat: Chunk             |     2 |     7 |     7 ||    16
Armor: Chain mail        |   160 |     8 |       ||   168
       Leather armour    |     1 |       |       ||     1
       Plate armour      |       |   252 |   408 ||   660
Dodge: Dodged            |   124 |    72 |   156 ||   352
